Cogmind - Beta 12 @@@ ROGUE MODE // 2023.04.04 @ 16:19:07 Player: ArabianSandBoa Result: Destroyed by G-47 Trooper with Particle Gun Performance ------------- Evolutions (2) 1000 Regions Visited (7) 1400 Robots Destroyed (144) 720 Value Destroyed (5317) 5317 Prototype IDs (48) 960 Alien Tech Used (0) 0 Bonus (2287) 2287 TOTAL SCORE: 11684 Bonus ------- Triggered High Security 500 High Alert Combat Kills 1593 Entered Garrisons 200 Used RIF Installer 500 Aligned with FarCom 300 Friendly Fire -806 Cogmind --------- Core Integrity 0/550 Matter 300/300 Energy 280/280 System Corruption 0% Temperature Cool (27) Movement Rolling (110) Ox1 Location -8/Materials Parts ------- > --- POWER (1) -------- Heavy Ion Engine > --- PROPULSION (4) --- Compact Wheel Compact Wheel Armored Wheel Armored Wheel > --- UTILITY (4) ------ Advanced Cooling System Huge Storage Unit Hardened Medium Armor Plating Hardened Medium Armor Plating > --- WEAPON (2) ------- Improved EM Shotgun Improved EM Shotgun > --- INVENTORY (25) --- Light Nuclear Core Aerolev Unit Aerolev Unit Aerolev Unit Aerolev Unit Aerolev Unit Nuclear Pulse Array Medium Storage Unit Advanced Weight Redist. System Target Analyzer Core Analyzer Recoil Nullifier Particle Charger Microactuators Microactuators Improved Propulsion Shielding System Restoration Module Thief Drone Bay (3/3) YOLO Cannon Remote Datajack Field Lobotomy Kit (5) Longsword +1 Lance Peak State ------------ > --- POWER ------------ Micro Nuclear Core > --- PROPULSION ------- Light Treads Heavy Treads Improved VTOL Module > --- UTILITY ---------- Advanced Heat Sink Humpback Mini Drone Bay > --- WEAPON ----------- KE Penetrator Assault Cannon > --- INVENTORY -------- Light Nuclear Core Light Nuclear Core Flight Unit Flight Unit Flight Unit Nuclear Pulse Array Advanced Cooling System Medium Storage Unit Huge Storage Unit Humpback Weight Redist. System Advanced Visual Processing Unit Core Analyzer Recoil Nullifier Improved Shock Absorption System System Restoration Module Thief Drone Bay Wave Gun Disruptor Cannon YOLO Cannon Rocket Launcher Remote Datajack Field Lobotomy Kit Power Maul Longsword +1 Lance Heavy Explosive Trap Heavy Explosive Trap Heavy Explosive Trap Heavy Explosive Trap Heavy Explosive Trap [Rating: 56] Favorites ----------- Power Light Nuclear Core Engine Heavy Ion Engine Power Core Light Nuclear Core Propulsion Compact Wheel Treads Light Treads Leg Aluminum Leg Wheel Compact Wheel Flight Unit Nuclear Pulse Array Utility Humpback Device Advanced Heat Sink Storage Humpback Processor Targeting Computer Protection Hardened Medium Armor Plating Weapon Assault Rifle Energy Gun Improved EM Shotgun Energy Cannon Particle Cannon Ballistic Gun Assault Rifle Ballistic Cannon Assault Cannon Launcher Rocket Launcher Slashing Weapon Longsword +1 Special Melee Weapon Datajack Build | -11 -10 -10 -10 -9 -8 -8 -8 ------- Run | Jun Mat Min Exi Min Mat Gar Mat Slots Evolved 4 | . . . . . 4 . . Power . | . . . . . . . . Propulsion 2 | . . . . . 2 . . Utility 2 | . . . . . 2 . . Weapon . | . . . . . . . . Parts Attached 129 | 3 40 4 4 1 11 21 45 Power 13 | . 5 1 . . 1 3 3 Engine 5 | . 3 . . . . . 2 Core 8 | . 2 1 . . 1 3 1 Reactor . | . . . . . . . . Propulsion 44 | 2 22 1 1 . 2 4 12 Treads 13 | . 10 . . . . 3 . Leg . | . . . . . . . . Wheel 27 | 2 12 1 1 . 2 1 8 Hover . | . . . . . . . . Flight 4 | . . . . . . . 4 Utility 37 | 1 9 1 1 . 3 6 16 Device 16 | 1 4 1 . . 1 2 7 Storage 9 | . 3 . 1 . . 2 3 Processor 2 | . 1 . . . . . 1 Hackware . | . . . . . . . . Protection 10 | . 1 . . . 2 2 5 Artifact . | . . . . . . . . Weapon 35 | . 4 1 2 1 5 8 14 Energy Gun 7 | . . . . . . 1 6 Energy Cannon 11 | . 1 1 . . 2 1 6 Ballistic Gun 6 | . 3 . . . . 2 1 Ballistic Cannon 2 | . . . . . . 2 . Launcher 6 | . . . 1 1 1 2 1 Special Weapon . | . . . . . . . . Impact Weapon . | . . . . . . . . Slashing Weapon 2 | . . . . . 2 . . Piercing Weapon . | . . . . . . . . Special Melee Weapon 1 | . . . 1 . . . . Unidentified Prototypes 5 | . . . . . 1 . 4 Parts Lost 21 | . 4 . . . 2 5 10 Power 4 | . 1 . . . 2 . 1 Propulsion 9 | . 3 . . . . 3 3 Utility 4 | . . . . . . 2 2 Weapon 4 | . . . . . . . 4 Highest Loss Streak 6 | . 2 . . . 1 2 6 To Critical Strikes . | . . . . . . . . Average Slot Usage (%) 82 | . 97 99 72 71 86 76 86 Engine 1 | . 1 . . . . . 5 Core 9 | . 12 14 14 14 8 8 3 Treads 8 | . 15 . . . . 14 5 Wheel 19 | . 10 27 28 28 36 12 25 Device 7 | . 10 14 3 . . 8 10 Storage 11 | . 14 14 12 14 9 9 9 Protection 4 | . . . . . 15 6 8 Energy Gun 1 | . . . . . . . 7 Energy Cannon 4 | . 3 27 . . 10 2 6 Ballistic Gun 7 | . 24 . . . . 5 2 Ballistic Cannon 2 | . . . . . . 6 2 Special Melee Weapon 2 | . . . 13 11 . . . Naked Turns . | . . . . . . . . Heaviest Build 229 | 12 97 94 206 209 223 221 229 Greatest Support 110 | 26 40 32 32 32 58 110 110 Greatest Overweight (x) 72 | 3 5 5 6 6 3 8 72 Average Overweight (x) 3 | . 2 2 3 6 3 3 2 Largest Inventory Capacity 35 | 8 25 25 35 35 35 35 35 Average Capacity 31 | 8 24 25 29 35 35 34 33 Most Carried 35 | 8 25 25 31 34 31 35 35 Average Carried 27 | 6 19 23 19 32 27 31 32 Final Capacity 35 | 8 25 25 35 35 35 35 25 Final Carried 35 | 8 21 25 31 31 30 35 25 Class Distribution -------------------- 64% | Hauler-Mutant 32% | Mutant Dominant Class ---------------- Mutant | -10/Materials Mutant | -10/Mines Hauler-Mutant | -10/Exiles Hauler-Mutant | -9/Mines Hauler-Mutant | -8/Materials Hauler-Mutant | -8/Garrison Hauler-Mutant | -8/Materials Resources | -11 -10 -10 -10 -9 -8 -8 -8 ----------- Run | Jun Mat Min Exi Min Mat Gar Mat Matter Collected 2877 | 221 659 40 106 116 145 771 819 Remotely . | . . . . . . . . Salvage Created 5161 | 79 1218 258 . 22 270 968 2346 Parts 305 | 8 74 12 . 4 15 64 128 Haulers Intercepted 6 | . 1 . . . 2 . 3 Recyclers Shooed 9 | . 4 1 . . . . 4 Parts Field Recycled 24 | . 24 . . . . . . Retrieved Matter 222 | . 222 . . . . . . Parts Self-Destructed . | . . . . . . . . Prevented . | . . . . . . . . Kills | -11 -10 -10 -10 -9 -8 -8 -8 ------- Run | Jun Mat Min Exi Min Mat Gar Mat Combat Hostiles Destroyed 98 | . 19 3 . 3 5 34 34 Melee 2 | . 1 . . . 1 . . Guns 38 | . 11 . . . . 13 14 Cannons 33 | . 7 3 . . 1 15 7 AOE 21 | . . . . 3 3 6 9 Classes Destroyed 14 | 2 5 1 . . 1 3 2 Worker 8 | . 2 1 . . 2 . 3 Builder 6 | . . . . . . . 6 Tunneler 3 | 1 1 . . . . . 1 Hauler 6 | . 1 . . . 2 . 3 Recycler 11 | 1 3 1 . . . . 6 Operator 4 | . 2 . . . 1 . 1 Watcher 7 | . 3 . . . 1 . 3 Swarmer 27 | . . 3 . 3 4 12 5 Grunt 51 | . 19 . . . . 13 19 Brawler 1 | . . . . . . . 1 Duelist 3 | . . . . . . 1 2 Sentry 12 | . . . . . 1 4 7 Hunter 1 | . . . . . . 1 . Programmer 3 | . . . . . . 3 . Best Kill Streak 8 | 2 3 5 . 3 4 5 8 Combat Bots Only 8 | . 3 3 . 3 4 5 8 Max Kills in Single Turn 3 | 1 1 1 . 1 3 3 2 Gunslinging . | . . . . . . . . Exploded 3 | . . . . 1 3 3 2 Melee 1 | . 1 . . . 1 . . Uniques/NPCs Destroyed 1 | . . 1 . . . . . YI-UF0 (-10/Mines) Combat | -11 -10 -10 -10 -9 -8 -8 -8 -------- Run | Jun Mat Min Exi Min Mat Gar Mat Damage Taken 5119 | . 743 60 . 53 341 1196 2726 Core 734 | . 144 16 . 17 7 149 401 Absorbed by Shields . | . . . . . . . . Reduced by Siege Mode 78 | . . . . . . 61 17 Core Remaining (%) 64 | 100 . . . 29 . . . Volleys Fired 362 | 7 103 12 . 3 9 106 122 Largest 2 | 2 2 2 . 1 2 2 2 Hottest 136 | 40 88 136 . 33 131 114 114 Shots Fired 643 | 14 206 24 . 3 10 175 211 Gun 361 | 14 166 . . . . 74 107 Cannon 261 | . 40 24 . . 5 93 99 Launcher 21 | . . . . 3 5 8 5 Special . | . . . . . . . . Kinetic 360 | 14 166 . . . . 116 64 Thermal 87 | . 40 24 . . 3 15 5 Explosive 21 | . . . . 3 5 8 5 Electromagnetic 175 | . . . . . 2 36 137 Robot Hit Streak 20 | 7 17 7 . 1 4 20 16 Robot Miss Streak 4 | 2 4 2 . 1 2 3 4 Penetration Max 1 | . . . . . . 1 1 Secondary Targets 1 | . 1 . . . . . . Max Gunslinging Chain 1 | . 1 . . . . . . Shots Hit Robots 436 | 10 128 16 5 4 17 107 149 Core Hits 227 | 3 55 8 . 2 13 53 93 Critical Kills 1 | . . . . . . 1 . Critical Parts Destroyed . | . . . . . . . . Critical Strikes 9 | . . . . . . 8 1 Burn 1 | . . . . . . 1 . Destroy 1 | . . . . . . 1 . Blast 5 | . . . . . . 4 1 Corrupt 2 | . . . . . . 2 . Melee Attacks 28 | . . . 5 3 20 . . Impact . | . . . . . . . . Slashing 20 | . . . . . 20 . . Piercing . | . . . . . . . . Sneak Attacks 14 | . . . 5 3 6 . . Combat Hostiles . | . . . . . . . . Follow-up Attacks . | . . . . . . . . Damage Inflicted 11518 | 100 1867 344 . 127 1219 3351 4510 Guns 4317 | 100 1351 . . . . 1118 1748 Cannons 3865 | . 479 344 . . 106 1410 1526 Explosions 2422 | . . . . 127 236 823 1236 Melee 867 | . . . . . 867 . . Ramming 47 | . 37 . . . 10 . . Kinetic 4370 | 100 1351 . . . . 1745 1174 Thermal 1834 | . 479 344 . . 44 387 580 Explosive 1862 | . . . . 127 236 748 751 Electromagnetic 2538 | . . . . . 62 471 2005 Impact . | . . . . . . . . Slashing 867 | . . . . . 867 . . Piercing . | . . . . . . . . Highest Corruption 1 | . . 1 1 1 . 1 1 Average Corruption 1 | . . 1 1 1 . 1 1 Corruption Purged 1 | . . . . . . . 1 Corruption Blocked . | . . . . . . . . Effects 45 | . . . 6 12 . 27 . Message Errors 8 | . . . 2 4 . 2 . Matter Fused 12 | . . . 2 4 . 6 . Heat Flow Errors 8 | . . . . 1 . 7 . Energy Discharges 4 | . . . 1 1 . 2 . Parts Fused 1 | . . . . . . 1 . Data Loss (minor) 4 | . . . . 1 . 3 . Data Loss (major) 2 | . . . 1 1 . . . Misfires 2 | . . . . . . 2 . Alerts 4 | . . . . . . 4 . Overload Shots . | . . . . . . . . Overflow Damage 269 | . . 7 . 14 152 26 70 Projectiles 60 | . . 7 . . 2 15 36 Explosions 59 | . . . . 14 . 11 34 Melee 150 | . . . . . 150 . . Knockbacks 11 | . . . . . . 8 3 Impact . | . . . . . . . . Kinetic 11 | . . . . . . 8 3 Secondary . | . . . . . . . . Self-Inflicted Damage 90 | . . . . 21 4 27 38 Shots 5 | . . . . 1 . 1 3 Rammed 6 | . 4 . . . 2 . . Targets Rammed 7 | . 5 . . . 2 . . Kicked . | . . . . . . . . Crushed 1 | . 1 . . . . . . Highest Temperature 302 | . 243 195 . 154 81 236 302 Average Temperature 64 | . 46 75 . 82 29 68 87 Received Heat Transfer 2142 | . 432 . . . 45 495 1170 Siege Activations 12 | . . . . . . 9 3 Total Turns 332 | . . . . . . 273 59 Longest Duration 85 | . . . . . . 85 32 Robots Corrupted 5 | . . . . . . 1 4 Combat Hostiles 4 | . . . . . . . 4 Parts Fried 17 | . . . . . . 3 14 Impact Corruptions . | . . . . . . . . Robots Melted . | . . . . . . . . Combat Hostiles . | . . . . . . . . Parts Melted 2 | . . 2 . . . . . Heat Transferred 2670 | . 851 592 . . 74 655 498 Parts Sabotaged . | . . . . . . . . Parts Stolen . | . . . . . . . . Parts Stripped . | . . . . . . . . Power Chain Reactions 10 | . . . . . . 2 8 Missiles Intercepted . | . . . . . . . . Alert | -11 -10 -10 -10 -9 -8 -8 -8 ------- Run | Jun Mat Min Exi Min Mat Gar Mat Peak Influence 2475 | 10 245 174 . 97 182 2475 1817 Initial 1206 | . 6 94 . . 4 42 1206 Average 648 | 6 78 164 . 9 113 1102 1400 Maximum Alert Level 5 | . 1 . . . . 5 5 Low Security (%) 46 | 100 82 100 . 100 100 3 . Level 1 7 | . 17 . . . . 9 . Level 2 6 | . . . . . . 22 . Level 3 6 | . . . . . . 20 . Level 4 22 | . . . . . . 18 81 Level 5 10 | . . . . . . 24 15 High Security . | . . . . . . . 2 Max Security . | . . . . . . . . Squads Dispatched 17 | . 6 . . . 2 . 9 Investigation 8 | . 4 . . . . . 4 Extermination . | . . . . . . . . Reinforcement 4 | . 2 . . . 1 . 1 Assault 4 | . . . . . . . 4 Garrison 1 | . . . . . 1 . . Intercept . | . . . . . . . . Searches Triggered . | . . . . . . . . Construction Impeded . | . . . . . . . . Haulers Reinforced . | . . . . . . . . Active Scanning Responses . | . . . . . . . . Cargo Convoy Interrupts . | . . . . . . . . Stealth | -11 -10 -10 -10 -9 -8 -8 -8 --------- Run | Jun Mat Min Exi Min Mat Gar Mat Distress Signals 10 | . 3 . . . 2 . 5 Communications Jammed . | . . . . . . . . Distress Signals . | . . . . . . . . Times Spotted 138 | . 26 3 . 4 19 32 54 Peak Tracking Total 11 | . 4 3 . 3 11 5 8 Tactical Retreats 2 | . 1 . . . . 1 . Traps | -11 -10 -10 -10 -9 -8 -8 -8 ------- Run | Jun Mat Min Exi Min Mat Gar Mat Traps Triggered 7 | . 3 . . . . 4 . Indirectly . | . . . . . . . . Trap Hack Attempts . | . . . . . . . . Triggered . | . . . . . . . . Disarmed . | . . . . . . . . Reprogrammed 7 | . 7 . . . . . . Reused 4 | . . . . . . 2 2 Traps Extracted . | . . . . . . . . Installed 8 | . . . . . . 3 5 Triggered 4 | . . . . . . 2 2 Most Traps Carried 8 | . . . . . . 8 5 Machines | -11 -10 -10 -10 -9 -8 -8 -8 ---------- Run | Jun Mat Min Exi Min Mat Gar Mat Machines Disabled 24 | . 1 . . . 1 16 6 Max in Single Turn 3 | . 1 . . . 1 3 3 Garrison Relay 5 | . . . . . . 5 . Phase Generator 1 | . . . . . . 1 . Machines Repaired . | . . . . . . . . Machines Sabotaged . | . . . . . . . . Overloaded Fab Kills . | . . . . . . . . Hacking | -11 -10 -10 -10 -9 -8 -8 -8 --------- Run | Jun Mat Min Exi Min Mat Gar Mat Machines Accessed 25 | . 8 1 1 1 3 4 7 Terminals 16 | . 6 . . . 2 4 4 Fabricators . | . . . . . . . . Repair Stations . | . . . . . . . . Recycling Units 3 | . 2 . . . . . 1 Scanalyzers 2 | . . . . . . . 2 Garrison Access 1 | . . . . . 1 . . Total Hacks 87 | . 33 1 1 1 10 9 32 Successful 55 | . 23 1 1 1 7 3 19 Failed 31 | . 9 . . . 3 6 13 Catastrophic 6 | . . . . . . 4 2 Database Lockouts 1 | . 1 . . . . . . Manual 20 | . 9 . 1 . 1 . 9 Terminals 57 | . 25 . . . 9 9 14 Fabricators . | . . . . . . . . Repair Stations . | . . . . . . . . Recycling Units 10 | . 8 . . . . . 2 Scanalyzers 16 | . . . . . . . 16 Garrison Access 1 | . . . . . 1 . . Terminal Hacks 26 | . 15 1 1 1 5 3 . Robot Analysis 2 | . 2 . . . . . . Prototype ID Bank 4 | . 3 . . . 1 . . Open Door 2 | . . 1 . 1 . . . Branch Access Points 2 | . 1 . . . 1 . . Emergency Access Points 4 | . 2 . . . 1 1 . Locate Traps 1 | . 1 . . . . . . Reprogram Traps 3 | . 3 . . . . . . Hauler Manifests 2 | . 1 . . . 1 . . Zone Layout 3 | . 2 . . . 1 . . Garrison Registry 1 | . . . . . . 1 . Patrol Navigation 1 | . . . . . . 1 . EX-Prototype ID Bank 1 | . . . 1 . . . . Fabricator Hacks . | . . . . . . . . Repair Station Hacks . | . . . . . . . . Recycling Unit Hacks 6 | . 4 . . . . . 2 Report Inventory 2 | . 1 . . . . . 1 Retrieve Matter 1 | . 1 . . . . . . Retrieve Components 3 | . 2 . . . . . 1 Scanalyzer 15 | . . . . . . . 15 Insert Component 7 | . . . . . . . 7 Analyze 8 | . . . . . . . 8 Garrison Access Hacks 1 | . . . . . 1 . . Unlock Access 1 | . . . . . 1 . . Unauthorized Hacks 7 | . 4 . . . 1 . 2 Terminals 6 | . 3 . . . 1 . 2 Botnet 6 | . 3 . . . 1 . 2 Fabricators . | . . . . . . . . Repair Stations . | . . . . . . . . Recycling Units 1 | . 1 . . . . . . Mask 1 | . 1 . . . . . . Scanalyzers . | . . . . . . . . Garrison Access . | . . . . . . . . Data Cores Recovered 1 | . . . . . 1 . . Used 1 | . . . . . 1 . . Hacking Detections 19 | . 7 . . . 3 3 6 Full Trace Events 8 | . 2 . . . . 2 4 Feedback Events 1 | . . . . . . 1 . Corruption 1 | . . . . . . 1 . Feedback Blocked . | . . . . . . . . Robot Schematics Acquired . | . . . . . . . . Robots Built . | . . . . . . . . Authchips . | . . . . . . . . Time . | . . . . . . . . Total Robot Build Rating . | . . . . . . . . Part Schematics Acquired 6 | . . . . . . . 6 Parts Built . | . . . . . . . . Authchips . | . . . . . . . . Time . | . . . . . . . . Total Part Build Rating . | . . . . . . . . Parts Repaired . | . . . . . . . . Time . | . . . . . . . . Parts Recycled . | . . . . . . . . Recycled Matter . | . . . . . . . . Retrieved Matter . | . . . . . . . . Retrieved Components 6 | . 4 . . . . . 2 Parts Scanalyzed 7 | . . . . . . . 7 Part Schematics Acquired 6 | . . . . . . . 6 Parts Damaged 1 | . . . . . . . 1 Bothacking | -11 -10 -10 -10 -9 -8 -8 -8 ------------ Run | Jun Mat Min Exi Min Mat Gar Mat Used RIF Installer 1 | . . . . . . 1 . Robots Hacked 5 | . . . 4 1 . . . Non-combat 4 | . . . 3 1 . . . Combat 1 | . . . 1 . . . . Robot Hacks Applied 6 | . . . 5 1 . . . parse_system 5 | . . . 5 . . . . no_distress 1 | . . . . 1 . . . Relay Couplers Released 17 | . . . . . . 17 . Machine Destruction 17 | . . . . . . 17 . Fabnet Peak Effective % . | . . . . . . . . Robots Rewired . | . . . . . . . . Allies Hacked . | . . . . . . . . Hacks Repelled . | . . . . . . . . Allies | -11 -10 -10 -10 -9 -8 -8 -8 -------- Run | Jun Mat Min Exi Min Mat Gar Mat Total Allies 1 | . . . . 1 . . . Largest Group 1 | . . . . 1 . . . Highest-Rated Group 31 | . . . . 31 . . . Highest-Rated Ally 31 | . . . . 31 . . . Total Orders 1 | . . . . . . . 1 ROAM 1 | . . . . . . . 1 Ally Attacks . | . . . . . . . . Total Damage . | . . . . . . . . Kills . | . . . . . . . . Allies Corrupted . | . . . . . . . . Allies Melted . | . . . . . . . . Intel | -11 -10 -10 -10 -9 -8 -8 -8 ------- Run | Jun Mat Min Exi Min Mat Gar Mat Robot Analysis Total 2 | . 2 . . . . . . Derelict Logs Recovered 2 | . . . . 2 . . . Drone Launches 3 | . . . . . . . 3 Drone Recoveries 2 | . . . . . . . 2 Exploration | -11 -10 -10 -10 -9 -8 -8 -8 ------------- Run | Jun Mat Min Exi Min Mat Gar Mat Turns Passed 11322 | 61 2593 327 884 1717 458 3191 2091 Spaces Moved 4396 | 28 829 203 527 853 189 951 816 Core 3 | 1 . . . . . . 2 Treads 807 | . 251 . . . . 471 85 Legs 10 | 10 . . . . . . . Wheels 3575 | 17 578 203 527 853 189 480 728 Hover . | . . . . . . . . Flight 1 | . . . . . . . 1 Fastest Speed 90 | 90 90 130 100 190 140 123 110 Average Speed 181 | 105 192 130 158 190 140 222 154 Slowest Speed 3650 | 200 320 175 190 190 140 400 3650 Overloaded Moves . | . . . . . . . . Propulsion Burnouts . | . . . . . . . . Robots Hopped . | . . . . . . . . Cave-ins Triggered . | . . . . . . . . Exploration Rate (%) 59 | 3 97 40 69 96 20 96 55 Regions Visited 7 Branch Regions 3 Pre-discovered Areas 1 | . . . . 1 . . . Known Exits Taken 2 | . 1 . . . 1 . . Unknown Exits Taken 4 | 1 . 1 1 1 . . . Scrap Searched 3 | . . . . 3 . . . Spaces Dug 16 | . . . . . 15 . 1 Terrain Destroyed 392 | . . . . 30 51 190 121 Melee 7 | . . . . . 7 . . Projectile 21 | . . . . . . 1 20 AOE 364 | . . . . 30 44 189 101 Terrain Rammed . | . . . . . . . . Walls Destroyed . | . . . . . . . . Machines Disabled . | . . . . . . . . Actions | -11 -10 -10 -10 -9 -8 -8 -8 --------- Run | Jun Mat Min Exi Min Mat Gar Mat Total 7092 | 46 1602 241 585 948 352 1871 1447 Wait 1891 | 5 582 14 5 80 112 725 368 Move 4390 | 27 828 202 526 852 189 950 816 Hop . | . . . . . . . . Pick Up 126 | 2 24 4 24 4 5 28 35 Fast Attach 35 | 3 6 . 1 . . 3 22 Attach 39 | . 6 1 2 1 8 10 11 Detach 30 | . 3 2 . 1 3 8 13 Swap 55 | . 28 3 1 . 3 8 12 Drop 115 | 2 17 3 21 4 1 24 43 Fire 362 | 7 103 12 . 3 9 106 122 Melee 28 | . . . 5 3 20 . . Ram 2 | . . . . . 2 . . Kick . | . . . . . . . . Crush 5 | . 5 . . . . . . Escape Stasis 6 | . . . . . . 6 . Rewire . | . . . . . . . . Trap 8 | . . . . . . 3 5 Miscellaneous . | . . . . . . . . Route ------- -11/Junkyard -10/Materials (discovered 5 exits: [*Mat x3] / *Min x2) -10/Mines (discovered 3 exits: [*Mat x2] / *Exi) -10/Exiles -9/Mines -8/Materials -8/Garrison (discovered 3 exits: *Mat x3) -8/Materials (discovered 1 exit: [*Fac]) History --------- Turn | Location | Event 13 | -11/Junkyard | Discovered new exit (range 3) 62 | -11/Junkyard | Entered Materials 62 | -10/Materials | Discovered new exit (range 8) 65 | -10/Materials | Central database locked down 65 | -10/Materials | Identified exit to Mines 347 | -10/Materials | Build established: Mutant 1169 | -10/Materials | Discovered new exit (range 5) 2067 | -10/Materials | Discovered new exit (range 10) 2259 | -10/Materials | Discovered new exit (range 16) 2299 | -10/Materials | Core integrity fell below 50% 2655 | -10/Materials | Entered Mines 2668 | -10/Mines | Discovered new exit (range 7) 2741 | -10/Mines | Discovered new exit (range 9) 2767 | -10/Mines | YI-UF0 nonchalantly dropped a Grenade Launcher on the ground 2783 | -10/Mines | Destroyed YI-UF0 2914 | -10/Mines | Met a Derelict who couldn't figure out how to use a Trap Extractor 2938 | -10/Mines | Assembled infested the area 2976 | -10/Mines | Deemed a non-threat by the Exiles lab entrance 2976 | -10/Mines | Discovered new exit (range 5) 2982 | -10/Mines | Entered Exiles 3014 | -10/Exiles | Met 8R-AWN 3037 | -10/Exiles | Met EX-HEX 3111 | -10/Exiles | Met EX-BIN 3183 | -10/Exiles | Aligned with FarCom system 3184 | -10/Exiles | Given EX-Vault access code 3214 | -10/Exiles | Opened EX-Vault 3250 | -10/Exiles | Warned to stay clear of 0b10 Research branches 3430 | -10/Exiles | Found Longsword +1 3439 | -10/Exiles | Found Field Lobotomy Kit 3443 | -10/Exiles | Found YOLO Cannon 3589 | -10/Exiles | Build established: Hauler-Mutant 3718 | -10/Exiles | Met EX-DEC 3847 | -10/Exiles | Discovered new exit (range 11) 3866 | -10/Exiles | Stole three prototypes: YOLO Cannon, Field Lobotomy Kit, Longsword +1 3866 | -10/Exiles | Entered Mines 3866 | -9/Mines | Discovered new exit (range 13) 4098 | -9/Mines | Received a Rocket Launcher from a helpful Derelict 4264 | -9/Mines | Received a Mining Laser from a helpful Derelict 4397 | -9/Mines | Learned Materials garrison access intel 5066 | -9/Mines | Found the Drone Emporium 5077 | -9/Mines | Found Prototype Device 5583 | -9/Mines | Entered Materials 5583 | -8/Materials | Evolved 4 slots: Propulsion x2, Utility x2 5584 | -8/Materials | Loaded intel: 1 garrison access location 5622 | -8/Materials | Identified Thief Drone Bay 6034 | -8/Materials | Garrison activated, responded to threat 6041 | -8/Materials | Identified exit to Garrison 6041 | -8/Materials | Entered Garrison 6086 | -8/Garrison | Triggered checkpoint 6154 | -8/Garrison | Garrison Relay disabled 6360 | -8/Garrison | Phase Generator disabled 6472 | -8/Garrison | Build established: Mutant 6594 | -8/Garrison | Triggered checkpoint 6693 | -8/Garrison | Triggered checkpoint 6789 | -8/Garrison | Build established: Hauler-Mutant 6801 | -8/Garrison | Discovered new exit (range 12) 7171 | -8/Garrison | Triggered checkpoint 7214 | -8/Garrison | Garrison Relay disabled 7678 | -8/Garrison | Triggered checkpoint 7844 | -8/Garrison | Triggered checkpoint 8395 | -8/Garrison | Discovered new exit (range 15) 8412 | -8/Garrison | Garrison Relay disabled 8476 | -8/Garrison | Triggered checkpoint 8546 | -8/Garrison | Garrison Relay disabled 8812 | -8/Garrison | Triggered checkpoint 8820 | -8/Garrison | Discovered new exit (range 23) 8820 | -8/Garrison | Discovered new exit (range 33) 8820 | -8/Garrison | Discovered new exit (range 43) 8856 | -8/Garrison | Garrison Relay disabled 8956 | -8/Garrison | Installed Relay Interface Framework 9232 | -8/Garrison | Entered Materials 9632 | -8/Materials | First assault squad dispatched 9725 | -8/Materials | Core integrity fell below 50% 9787 | -8/Materials | Lost 6 parts (1p1n1u3w) 10954 | -8/Materials | Core integrity fell below 20% 10986 | -8/Materials | Destroyed 8 combat bots 10991 | -8/Materials | Lost 4 parts (2n1u1w) 11250 | -8/Materials | Build established: Mutant 11277 | -8/Materials | High security lockdown imminent 11309 | -8/Materials | Discovered new exit (range 16) 11323 | -8/Materials | Destroyed by G-47 Trooper with Particle Gun Last Messages --------------- 11136_ Connecting with Terminal... 11139_ K-01 Serf collects debris. 11175_ R-06 Scavenger collects Hvy. Ion Engine. 11232_ ALERT: Significant disruption in Zone 5H, multiple assault carriers dispatched. 11277_ Chain reaction triggered in Lgt. Nuclear Core. 11277_ G-47 Trooper destroyed. 11277_ ALERT: High security lockdown imminent, T-100. 11282_ Critical hit (Burn: +37). 11290_ G-50 Soldier destroyed. 11309_ EXIT=FOUND 11316_ T-07 Excavator exits level. 11317_ M-28 Smith exits level. 11317_ Heat Sink fried. 11317_ Y-45 Defender destroyed. 11320_ C-30 ARC bursts open, deploying its payload. 11320_ G-50 Soldier unfolds itself. 11320_ G-47 Trooper unfolds itself. 11320_ M-28 Smith unfolds itself. 11323_ Critical hit (Burn: +37). Map ----- +----------------------------------------------------+ | #????# #???# ] # # #???# | | #????# #???# # ""??# #???# ]] | | #????# #???# ] # "???# ########+## #%= | | ######+##### #! ""??# =% = = | | ## ########### ??# [#%=! | | ## #???############## #% | | ## #???# [[ | | ## #???# % =% | | ## #???# % [ | | ## % #???# ############+#### #! | | ## #??##==#?????# ####+#### # | | ## % ###"[%!#?????## / # [ + +[S" | | ######+##### %="#??????# [= # ! ##### "" | | ????# [ "#??????# # #???#### | | ??### "#??????# ! # ! !#??????? | | % ##??????# [ # ! #??????? | | ##########"### #???????################??????? | | ???????? ?## ##?????????????????????????????? | | ?????? #?# #??????????????????????????????? | | ?????? ##?# #??????????????????????????????? | | ????? ????# #??????????????????????????????? | | ????######????# #??????????????????????????????? | | ??????????????# #??????????????????????????????? | | ?????????????## C##??????##+###?????????????????? | | ???????????o?# ####### ###???????????????? | | ?????????????# %ggm @ #??????????? | | ?????? ; g %= k < #??????????? | | ?????? """"" # g #??????????? | | ?????????????# ####### ########??????????? | | ?????????????#######??????######?????????????????? | | ?????????????????????????????????????????????????? | | ?????????????????????????????????????????????????? | | ?????????????????????????????????????????????????? | | ?????????????????????????????????????????????????? | | ?????????????????????????????????????????????????? | | ?????????????????????????????????????????????????? | | | | | | | | | | | | | | | | | | | | | | | | | | | | | +----------------------------------------------------+ Best States ------------- Heat Dissipation 62 Energy Generation 15 Energy Capacity 280 Matter Stores 300 Matter Capacity 300 Sight Range 16 Robot Scan Range 14 Terrain Scan Range 14 Terrain Scan Density 10 Armor Coverage 450 Resistance: EX 50 Resistance: EM 15 Evasion (%) 45 Targeting Accuracy 5 Recoil Reduction 4 Item Schematics ----------------- Humpback | -8/Materials | Scanalyzed Remote Datajack | -8/Materials | Scanalyzed Adv. Cooling System | -8/Materials | Scanalyzed Nuclear Pulse Array | -8/Materials | Scanalyzed Enh. Autogun | -8/Materials | Scanalyzed Imp. Propulsion Shielding | -8/Materials | Scanalyzed Robot Schematics ------------------ None Fabricated ------------ Nothing Alien Tech Used ----------------- None Achievements -------------- None Challenges ------------ None Game ------ Seed HelicalWeldingAutohacker Manual? 1 Play Time 01:21:24 Cumulative 528.9 hours Start 2023.04.03 @ 19:02:10 End 2023.04.04 @ 16:19:07 Sessions 2 Manual Loads 0 Difficulty Rogue Special Mode None Game No. 561 Rogue 561 Adventurer 0 Explorer 0 Win Type - Total 1 Types 1/0/0/0/0/0/0/0/0 Lore% 65 Gallery% 83 Achievement% 66 Wizard Run 0 Options --------- ASCII 0 Keyboard 0 Movement Mouse Keybinds 0 Fullscreen 2 Font 24/Smallcaps Map View 76x50 Tactical HUD 1 Map Filters NONE Filters NONE Steam 1 RUN: b8b63e92-2cf0-46bf-8349-e012ea9fe163